 Dungeon Crawl Stone Soup version 0.31-a0-1278-g11c5b68f87 (webtiles) character file.

Game seed: 10947574254260561035

2300 grandjackal the Trooper (level 9, -1/72 HPs)
             Began as a Demonspawn Gladiator on Dec 17, 2023.
             Was a Follower of Ru.
             Slain by a centaur (4 damage)
             ... on level 7 of the Dungeon.
             The game lasted 00:07:47 (6267 turns).

grandjackal the Trooper (Demonspawn Gladiator)      Turns: 6267, Time: 00:07:48

Health: -1/72      AC: 16    Str: 16    XL:     9   Next: 17%
Magic:  9/9        EV: 13    Int:  8    God:    Ru [*.....]
Gold:   18         SH:  4    Dex: 20    Spells: 8/8 levels left

rFire   . . .        a - +0 long sword
rCold   . . .        (no shield)
rNeg    + . .        f - +0 scale mail
rPois   +            c - +0 helmet
rElec   .            A - +1 cloak
rCorr   .            (no gloves)
SInv    .            q - +2 pair of boots {rampage}
Will    .....        (no amulet)
Stlth   +            m - ring of poison resistance
HPRegen 0.32/turn    o - ring of positive energy
MPRegen 0.11/turn

%: rampage
@: no status effects
A: claws 1, thin skeletal structure 1, icemail 1, hated by all, condensation
shield
a: Renounce Religion


You were on level 7 of the Dungeon.
You worshipped Ru.
Ru was aware of your devotion.
You visited 2 branches of the dungeon, and saw 8 of its levels.

You collected 258 gold pieces.
You spent 240 gold pieces at shops.

Inventory:

Hand Weapons
 a - a +0 long sword (weapon)
 k - a +4 dagger
 t - a +1 dagger of draining
 u - a +0 short sword of draining
Missiles
 d - a throwing net (quivered)
 e - a javelin
 j - 4 curare-tipped darts
Armour
 c - a +0 helmet (worn)
 f - a +0 scale mail (worn)
 q - a +2 pair of boots of rampaging (worn)
 A - a +1 cloak (worn)
Jewellery
 m - a ring of poison resistance (left claw)
 o - a ring of positive energy (right claw)
 y - an amulet of regeneration
Scrolls
 h - 2 scrolls of revelation {unknown}
 i - 4 scrolls of fear
 p - 3 scrolls of identify {unknown}
 s - 4 scrolls of teleportation {unknown}
 v - 2 scrolls of amnesia {unknown}
 x - 2 scrolls of immolation
 B - a scroll of poison {unknown}
 D - a scroll of enchant armour {unknown}
 E - a scroll of fog {unknown}
Potions
 b - 2 potions of magic {unknown}
 g - 5 potions of curing {unknown}
 l - a potion of invisibility {unknown}
 n - a potion of berserk rage {unknown}
 r - a potion of brilliance {unknown}
 w - a potion of lignification {unknown}
 z - a potion of degeneration {unknown}
 C - a potion of heal wounds {unknown}
 F - a potion of might
 G - a potion of mutation


   Skills:
 + Level 7.3 Fighting
 - Level 5.0 Long Blades
 - Level 2.0 Throwing
 + Level 7.0 Dodging
 + Level 4.6 Unarmed Combat


You had 8 spell levels left.
You didn't know any spells.
Your spell library contained the following spells:

 Spells                   Type           Power      Damage    Failure   Level
 Poisonous Vapours        Pois/Air       0%         N/A       94%         2
 Mephitic Cloud           Conj/Pois/Air  0%         N/A       99%         3
 Freezing Cloud           Conj/Ice/Air   0%         6-21      100%        5


Dungeon Overview and Level Annotations

Branches:
Dungeon (7/15)             Temple (1/1) D:4

Altars:
Ashenzari
Cheibriados
Makhleb
Okawaru
Qazlal
Ru
Sif Muna
Uskayaw
Vehumet
Xom

Shops:
D:1 [   D:7 [=*


Innate Abilities, Weirdness & Mutations

You have sharp fingernails.
You have a somewhat thin skeletal structure. (Dex +2, Stealth+)
A meltable icy envelope protects you from harm. (AC +4)
You are hated by all.
A meltable shield of frost defends you. (SH +4)


Message History

You kill the water moccasin!
You feel sick. The centaur hits you.
* * * LOW HITPOINT WARNING * * *
The centaur kicks you but does no damage.
Your Dodging skill increases to level 7!
Unknown command.
You feel sick.
The centaur wields a +0 orcbow.
The centaur shoots an arrow.
The arrow hits you.
* * * LOW HITPOINT WARNING * * *
You feel sick.
The centaur unwields a +0 orcbow.
The centaur hits you but does no damage.
The centaur kicks you but does no damage.
The centaur misses you. x2
You hit the centaur.
The centaur is lightly wounded.
You feel sick. The centaur barely misses you. The centaur kicks you.
* * * LOW HITPOINT WARNING * * *
The centaur barely misses you.
The centaur kicks you but does no damage.
You slash the centaur!
The centaur is heavily wounded.
You feel sick. The centaur misses you. The centaur closely misses you.
You hit the centaur. You claw the centaur, but do no damage.
The centaur is heavily wounded.
You feel sick.
You are no longer poisoned.
The centaur hits you but does no damage.
The centaur kicks you.
* * * LOW HITPOINT WARNING * * *
The centaur hits you but does no damage.
The centaur kicks you but does no damage.
You slash the centaur!
The centaur is almost dead.
The centaur completely misses you. You block the centaur's attack.
The centaur barely misses you.
The centaur kicks you but does no damage.
You barely miss the centaur.
The centaur is almost dead.
The centaur hits you.
You die...

#........ ...
##........ .. ..
.........##.## ....
.............##!...
...................
..................
#...............
...##...@c.........
...................
#...#......<.......
#. ##.............
#.............
...##..........
.#.. ...........
#........).......
...<............


You could see a centaur.

Vanquished Creatures
  A wyvern (D:5)
  Duvessa (D:4)
  2 water moccasins
  A sky beast (D:6)
  4 ogres
  2 orc warriors (D:6)
  2 ice beasts
  A black bear (D:4)
  A kobold brigand (D:6)
  3 phantoms
  Dowan (D:4)
  A hound (D:4)
  2 jellies
  2 orc priests
  A gnoll bouda (D:4)
  An iguana (D:6)
  5 orc wizards
  Robin (D:2)
  10 gnolls
  An adder (D:3)
  2 ufetubi (D:6)
  3 worms
  3 dart slugs
  22 orcs
  6 endoplasms
  3 giant cockroaches
  15 goblins
  11 hobgoblins
  A quokka (D:2)
  6 ball pythons
  8 bats
  11 frilled lizards
  7 kobolds
  6 rats
147 creatures vanquished.

Notes
Turn   | Place    | Note
-------+----------+-------------------------------------------
     0 | D:1      | grandjackal the Demonspawn Gladiator began the quest for
                  | the Orb.
     0 | D:1      | Reached XP level 1. HP: 16/16 MP: 1/1
   148 | D:1      | Found Qyocloj's Armour Emporium.
   159 | D:1      | Gained mutation: A meltable shield of frost defends you.
                  | (SH +4) [demonic ancestry]
   159 | D:1      | Reached XP level 2. HP: 22/22 MP: 2/2
   698 | D:2      | Found a broken altar of Ashenzari.
   701 | D:2      | Noticed Robin
   824 | D:1      | Reached XP level 3. HP: 26/28 MP: 3/3
   920 | D:2      | Killed Robin
  1326 | D:2      | Reached XP level 4. HP: 34/35 MP: 4/4
  2081 | D:3      | Noticed an ogre
  2094 | D:3      | Killed an ogre
  2095 | D:3      | Reached XP level 5. HP: 22/41 MP: 5/5
  2481 | D:3      | Reached XP level 6. HP: 46/48 MP: 6/6
  3121 | D:4      | Found a staircase to the Ecumenical Temple.
  3135 | D:4      | Noticed Duvessa
  3138 | D:4      | Noticed Dowan
  3256 | D:4      | Killed Duvessa
  3257 | D:4      | Gained mutation: You have sharp fingernails. [demonic
                  | ancestry]
  3257 | D:4      | Reached XP level 7. HP: 23/55 MP: 7/7
  3464 | D:3      | Reached skill level 5 in Fighting
  3494 | D:4      | Reached skill level 5 in Dodging
  3512 | D:4      | Killed Dowan
  3513 | D:4      | Reached skill level 5 in Long Blades
  3777 | Temple   | Entered the Ecumenical Temple
  3821 | Temple   | Became a worshipper of Ru the Awakened
  3871 | D:5      | Entered Level 5 of the Dungeon
  4006 | D:5      | Reached skill level 1 in Unarmed Combat
  4349 | D:5      | HP: 1/56 [ogre/+0 giant spiked club (14)]
  4353 | D:5      | Gained mutation: A meltable icy envelope protects you from
                  | harm. (AC +4) [demonic ancestry]
  4353 | D:5      | Reached XP level 8. HP: 2/64 MP: 8/8
  5383 | D:6      | Gained mutation: You are hated by all. [Ru sacrifice]
  5383 | D:6      | Reached * piety under Ru
  5691 | D:6      | Gained mutation: You have a somewhat thin skeletal
                  | structure. (Dex +2, Stealth+) [demonic ancestry]
  5691 | D:6      | Reached XP level 9. HP: 54/72 MP: 9/9
  6115 | D:6      | Found a snail-covered altar of Cheibriados.
  6225 | D:7      | Found Vulid's General Store.
  6225 | D:7      | Found Nalo's Jewellery Emporium.
  6225 | D:7      | Found Ocoaph's Antique Armour Emporium.
  6227 | D:7      | Bought a scroll of fear for 48 gold pieces
  6227 | D:7      | Bought a potion of might for 48 gold pieces
  6227 | D:7      | Bought a scroll of immolation for 48 gold pieces
  6227 | D:7      | Bought a potion of mutation for 96 gold pieces
  6265 | D:7      | HP: 3/72 [poisoned by a water moccasin]
  6267 | D:7      | Slain by a centaur

Illustrated notes

Levels and vault maps discovered:
D:1:      minmay_arrival_five_plusses, layout_loops_ring, serial_shops,
          nicolae_shop_window_shopping, serial_glass, glass_columns_a,
          glass_columns_a, due_unseen_surprise, item_on_display_a,
          minmay_strange_pillars, item_on_display_b, reono_crystal_passage
D:2:      minmay_skewed_foursquare, layout_basic, basic_altar,
          minmay_misc_feat_roman, serial_bayou_lagoon_b, uniq_robin
D:3:      layout_basic, serial_aquarium, aquarium_bridge_straight
          [aquarium_subvault_bridge, aquarium_subvault_wall,
          aquarium_subvault_bridge, aquarium_subvault_wall], aquarium_window_1,
          aquarium_window_corridor_1, aquarium_window_1, aquarium_window_2,
          aquarium_view_2f, aquarium_balcony_3a, kennysheep_pointless_box,
          minmay_crystal_room
D:4:      layout_rooms, minmay_temple_entry_mist, uniq_crazy_yiuf_cottage,
          uniq_duvessa
D:5:      layout_basic
D:6:      layout_rooms, mainiacjoe_overflow_24_doors, grunt_ministairs_7
D:7:      layout_cave_pools, trog_three_pillars_becter,
          nicolae_shop_distant_corner_stores, uniq_maurice
Temple:   grunt_temple_mini_profane

Skill      XL: |  1  2  3  4  5  6  7  8  9 |
---------------+----------------------------+-----
Throwing       | 2 |  2.0
Long Blades    | 3 4 5 |  5.0
Dodging        | 3 4 5 6 7 |  7.0
Fighting       | 3 4 5 7 |  7.3
Unarmed Combat | 2 4 |  4.6

Action                     |  1- 3 |  4- 6 |  7- 9 || total
---------------------------+-------+-------+-------++-------
  Melee: Long sword        |   135 |   172 |   314 ||   621
         Dagger            |       |     9 |     8 ||    17
         Punch             |       |     4 |     4 ||     8
  Throw: Throwing net      |       |     3 |     1 ||     4
 Invoke: Sacrifice Love    |       |       |     1 ||     1
   Stab: Held in net/web   |       |     2 |       ||     2
 Armour: Scale mail        |    96 |   124 |   250 ||   470
  Dodge: Dodged            |    67 |    95 |   190 ||   352
  Block: Other             |    20 |    30 |    58 ||   108

Table legend: (Time is in decaauts)
 A = Elapsed time spent in this place.
 B = Non-inter-level travel time spent in this place.
 C = Inter-level travel time spent in this place.
 D = Time resting spent in this place.
 E = Time spent auto-exploring this place.
 F = Levels seen in this place.
 G = Mean time per level.
                   A        B        C        D        E       F      G
               +--------+--------+--------+--------+--------+-----+--------+
         Total |   6410 |   6104 |    306 |   1418 |   3233 |   8 |  801.2 |
       Dungeon |   6327 |   6100 |    227 |   1418 |   3233 |   7 |  903.9 |
        Temple |     82 |      4 |     78 |      0 |      0 |   1 |   82.0 |
               +--------+--------+--------+--------+--------+-----+--------+

Top non-repeatable levels by time:
     D:5: 1354 daAuts
     D:3: 1127 daAuts
     D:6: 1052 daAuts
     D:2: 974 daAuts
     D:1: 918 daAuts
     D:4: 869 daAuts
  Temple: 82 daAuts
     D:7: 31 daAuts
